 Dungeon Crawl Stone Soup version 0.31-a0-229-g1fc7ce93e2 (webtiles) character file.

Game seed: 1125952525550176599

471 qw the Shooter (level 7, -1/43 HPs)
             Began as a Gargoyle Hexslinger on July 6, 2023.
             Killed by divine providence
             ... invoked by an orc priest
              (13 damage)
             ... on level 4 of the Dungeon.
             The game lasted 00:01:25 (2970 turns).

qw the Shooter (Gargoyle Hexslinger)                Turns: 2970, Time: 00:01:26

Health: -1/43      AC: 11    Str: 12    XL:     7   Next: 9%
Magic:  8/8        EV: 15    Int: 13    God:
Gold:   76         SH:  0    Dex: 14    Spells: 7/8 levels left

rFire   . . .        Y - +2 sling
rCold   . . .        (no shield)
rNeg    + . .        e - +0 ring mail
rPois   inf          (no helmet)
rElec   +            (no cloak)
rCorr   .            b - +0 pair of gloves
SInv    .            (no boots)
Will    .....        (no amulet)
Stlth   +            a - +5 ring of evasion
HPRegen 0.27/turn    (no ring)
MPRegen 0.11/turn

%: no passive effects
@: no status effects
A: sickness immunity, AC +4, negative energy resistance 1, electricity
resistance, torment resistance 1, petrification resistance
a: no special abilities


You were on level 4 of the Dungeon.
You visited 1 branch of the dungeon, and saw 4 of its levels.

You collected 132 gold pieces.
You spent 56 gold pieces at shops.


Innate Abilities, Weirdness & Mutations

You are immune to sickness and miasma.
Your stone body is resilient. (AC +4)
You are immune to poison.
You resist negative energy. (rN+)
You are resistant to electric shocks. (rElec)
You are resistant to unholy torment.
You are immune to petrification.


   Skills:
 - Level 4.1 Fighting
 + Level 6.2 Ranged Weapons
 - Level 1.0 Armour
 - Level 1.5 Dodging
 - Level 1.0 Spellcasting
 - Level 2.6 Hexes


You had 7 spell levels left.
You knew the following spells:

 Your Spells              Type           Power      Damage    Failure   Level
a - Slow                  Hex            28%        N/A       22%         1

Your spell library contained the following spells:

 Spells                   Type           Power      Damage    Failure   Level
 Inner Flame              Hex/Fire       4%         N/A       73%         3
 Portal Projectile        Hex/Tloc       8%         N/A       73%         3
 Cause Fear               Hex            3%         N/A       91%         4

Inventory:

Hand Weapons
 Y - a +2 sling (weapon)
Armour
 b - a +0 pair of gloves (worn)
 e - a +0 ring mail (worn)
 j - a +1 leather armour of fire resistance
Jewellery
 a - a +5 ring of evasion (left hand)
Scrolls
 f - 3 scrolls of identify
 n - a scroll of teleportation
 p - a scroll of revelation {unknown}
Potions
 c - a potion of degeneration {unknown}
 d - a potion of resistance {unknown}
 g - a potion of haste
 h - a potion of might
 i - a potion of heal wounds {unknown}
 k - 2 potions of curing {unknown}
 l - a potion of mutation {unknown}
 m - a potion of attraction {unknown}
 o - a potion of berserk rage {unknown}

Dungeon Overview and Level Annotations

Branches:
Dungeon (4/15)
 Temple: D:4-7

Altars:
Uskayaw
Xom

Shops:
D:2 *

Annotations:
D:4 Edmund


Message History

The sling bullet hits the orc priest but does no damage.
The orc priest is heavily wounded.
The goblin closely misses you. The orc priest closely misses you.
You shoot a sling bullet.
The sling bullet hits the orc priest but does no damage.
The orc priest is heavily wounded.
The orc priest hits you but does no damage.
The goblin misses you.
You shoot a sling bullet.
The sling bullet barely misses the orc priest.
The goblin hits you but does no damage. The orc priest closely misses you.
You shoot a sling bullet.
The sling bullet barely misses the orc priest.
The orc priest hits you with a +0 flail of protection.
The goblin barely misses you.
The orc priest hits you with a +0 flail of protection.
The goblin hits you but does no damage.
You shoot a sling bullet.
The sling bullet hits the orc priest but does no damage.
The orc priest is heavily wounded.
The goblin misses you.
The orc priest hits you with a +0 flail of protection.
You shoot a sling bullet.
The sling bullet hits the orc priest but does no damage.
The orc priest is heavily wounded.
The goblin closely misses you.
The orc priest looks encouraged for a moment.
You shoot a sling bullet.
The sling bullet barely misses the orc priest.
The goblin closely misses you.
The orc priest hits you with a +0 flail of protection.
You shoot a sling bullet.
The sling bullet closely misses the orc priest.
The goblin hits you but does no damage.
The orc priest hits you with a +0 flail of protection.
You shoot a sling bullet.
The sling bullet closely misses the orc priest.
The orc priest calls down the wrath of Beogh upon you.
Beogh smites you!
You die...

##....#.###..#..#....)........#.#
##........)..##.#...##.)....##..#
.#....##.#...##.#...##)#.##.....#
......##.#.####.#...#..).###(##.#
.#....##...####.#....))### #.##.#
.#....##......#.#....#.# #..#.#
)#.....#(.....#.#...#..# #..#.#
.#............#.#...#.## ##.....
.###.#.#.......g@.....#####..#...
...#.#.#.......o.....###....##...
.#.#.#.#............###..#####...
.#.)...........)..........# #...
.###..........##..........# #...
.###.#....................# ####
..##.#....................#
..##.#.>...<..............#
..##.#....................#


You could see an orc priest and a goblin.

Vanquished Creatures
  2 ice beasts (D:3)
  An orc priest (D:4)
  2 iguanas (D:4)
  3 orc wizards (D:4)
  3 adders
  A worm (D:3)
  3 dart slugs
  14 orcs
  6 ball pythons
  6 bats
  6 endoplasms
  3 giant cockroaches
  3 goblins
  7 hobgoblins
  8 kobolds
  3 quokkas
  4 frilled lizards (D:3)
  10 rats
85 creatures vanquished.

Notes
Turn   | Place    | Note
-------+----------+-------------------------------------------
     0 | D:1      | qw the Gargoyle Hexslinger began the quest for the Orb.
     0 | D:1      | Reached XP level 1. HP: 12/12 MP: 2/2
     0 | D:1      | 0 ||| qw: Version: 0.3-a-46-gb1f654a
     0 | D:1      | 0 ||| qw: Game counter: 1510
     0 | D:1      | 0 ||| qw: Melee chars always use a shield: true
     0 | D:1      | 0 ||| qw: God list: Okawaru
     0 | D:1      | 0 ||| qw: Allow faded altars: false
     0 | D:1      | 0 ||| qw: Do Orc after clearing Dungeon:15 true
     0 | D:1      | 0 ||| qw: Do second Lair branch before Depths: true
     0 | D:1      | 0 ||| qw: Lair rune preference: random
     0 | D:1      | 0 ||| qw: Goals: Normal
     0 | D:1      | 0 ||| PLANNING D:1-11
   109 | D:1      | Reached XP level 2. HP: 16/16 MP: 3/3
   142 | D:1      | Reached skill level 3 in Ranged Weapons
   554 | D:1      | Reached XP level 3. HP: 21/21 MP: 4/4
   720 | D:1      | 720 ||| UPGRADING to +0 ring mail.
   730 | D:1      | 730 ||| DROPPING +0 robe.
   731 | D:1      | 731 ||| READING scroll labelled FIBLOPH ASUBBYNN.
   732 | D:1      | 732 ||| READING 3 scrolls labelled PYSUAP DIGEEP.
   733 | D:1      | 733 ||| READING scroll labelled NUSIOS RUUREPT.
   734 | D:1      | 734 ||| READING 2 scrolls of identify.
   734 | D:1      | 734 ||| IDENTIFYING lumpy puce potion
   735 | D:1      | 735 ||| DROPPING scroll of poison.
   929 | D:2      | Found a shimmering altar of Xom.
  1036 | D:2      | Found Laddaenn's Assorted Antiques.
  1045 | D:2      | 1045 ||| SHOPLISTING forked bone wand (112 gold, have 57).
  1045 | D:2      | 1045 ||| SHOPLISTING glowing ivory wand (112 gold, have
                  | 57).
  1045 | D:2      | 1045 ||| SHOPLISTING runed wooden ring (140 gold, have 57).
  1045 | D:2      | 1045 ||| BUYING scroll labelled QEAGHI BAEFF (28 gold).
  1045 | D:2      | Bought a scroll labelled QEAGHI BAEFF for 28 gold pieces
  1045 | D:2      | 1045 ||| BUYING scroll labelled XUBUIC SEX (28 gold).
  1045 | D:2      | Bought a scroll labelled XUBUIC SEX for 28 gold pieces
  1045 | D:2      | 1045 ||| SHOPLISTING scroll of identify (56 gold, have 1).
  1045 | D:2      | 1045 ||| SHOPLISTING thin citrine amulet (140 gold, have
                  | 1).
  1264 | D:2      | Reached XP level 4. HP: 25/26 MP: 5/5
  1331 | D:2      | 1331 ||| UPGRADING to +5 ring of evasion.
  1332 | D:2      | 1332 ||| READING scroll labelled QEAGHI BAEFF.
  1333 | D:2      | 1333 ||| READING scroll labelled XUBUIC SEX.
  1479 | D:3      | Reached skill level 4 in Ranged Weapons
  1495 | D:3      | Noticed a +0 short sword
  1496 | D:3      | Noticed a +0 dagger
  1496 | D:3      | Noticed a +0 dagger
  1496 | D:3      | Noticed a +0 falchion
  1497 | D:3      | Noticed a +0 falchion
  1498 | D:3      | Noticed a +0 short sword
  1500 | D:3      | Noticed a +0 spear
  1502 | D:3      | Noticed a +0 spear
  1528 | D:3      | Found a hide-covered altar of Uskayaw.
  1557 | D:3      | Reached skill level 1 in Armour
  1670 | D:3      | Noticed an ice beast
  1689 | D:3      | Killed an ice beast
  1690 | D:3      | Reached skill level 5 in Ranged Weapons
  1690 | D:3      | Reached XP level 5. HP: 16/30 MP: 6/6
  2012 | D:3      | Noticed an ice beast
  2032 | D:3      | HP: 5/30 [ice beast (10)]
  2033 | D:3      | Killed an ice beast
  2034 | D:3      | Reached skill level 3 in Fighting
  2034 | D:3      | Reached XP level 6. HP: 7/38 MP: 7/7
  2287 | D:3      | 2287 ||| UPGRADING to +0 pair of gloves.
  2292 | D:3      | 2292 ||| READING scroll labelled JOESHR FEHE.
  2296 | D:3      | 2296 ||| DRINKING 2 glowing grey potions.
  2337 | D:4      | 2337 ||| FLEEEEING.
  2340 | D:4      | 2340 ||| STAIRDANCE
  2478 | D:4      | Reached skill level 6 in Ranged Weapons
  2619 | D:4      | 2619 ||| FLEEEEING.
  2620 | D:4      | 2620 ||| FLEEEEING.
  2621 | D:4      | 2621 ||| FLEEEEING.
  2622 | D:4      | 2622 ||| FLEEEEING.
  2623 | D:4      | 2623 ||| FLEEEEING.
  2624 | D:4      | 2624 ||| FLEEEEING.
  2625 | D:4      | 2625 ||| FLEEEEING.
  2626 | D:4      | 2626 ||| FLEEEEING.
  2627 | D:4      | 2627 ||| FLEEEEING.
  2628 | D:4      | 2628 ||| FLEEEEING.
  2629 | D:4      | 2629 ||| FLEEEEING.
  2649 | D:4      | Reached XP level 7. HP: 39/43 MP: 8/8
  2776 | D:4      | Noticed Edmund
  2801 | D:4      | HP: 7/43 [Edmund/+1 flail of draining (8)]
  2802 | D:4      | 2802 ||| READING 2 scrolls of teleportation.
  2970 | D:4      | Killed from afar by an orc priest

Levels and vault maps discovered:
D:1:      roderic_dead_forest, layout_basic, chequers_serial_rivers_small_3,
          minmay_quantized
D:2:      layout_basic, basic_altar, serial_shops, shop
D:3:      layout_loops_ring, nicolae_uskayaw_en_pointe,
          minmay_misc_feat_ornament, minmay_crystal_room
D:4:      layout_rooms, serial_bayou_lake_a, uniq_edmund

Skill      XL: |  1  2  3  4  5  6 |
---------------+-------------------+-----
Ranged Weapons | 3 5 6 |  6.2
Fighting       | 2 3 4 |  4.1
Armour         | 1 |  1.0
Dodging        | |  1.5
Spellcasting   | |  1.0
Hexes          | |  2.6

Action                     |  1- 3 |  4- 6 |  7- 9 || total
---------------------------+-------+-------+-------++-------
   Fire: Sling             |    98 |   184 |    66 ||   348
    Use: Scroll            |     4 |     3 |     1 ||     8
         Potion            |       |     1 |       ||     1
 Armour: Robe              |     2 |       |       ||     2
         Ring mail         |    18 |    44 |    18 ||    80
  Dodge: Dodged            |    24 |    70 |    44 ||   138

Table legend:
 A = Non-vault XP
 B = Vault XP
 C = Vault XP percentage of total XP
 D = Non-vault monster count
 E = Vault monster count
 F = Vault count percentage of total count
                 A         B        C        D         E       F
            +---------+---------+-------+---------+---------+-------
      Total |     669 |       5 |   0.7 |      82 |       3 |   3.5
            +---------+---------+-------+---------+---------+-------
        D:1 |      33 |       5 |  13.2 |      18 |       3 |  14.3
        D:2 |      45 |       0 |   0.0 |      14 |       0 |   0.0
        D:3 |     314 |       0 |   0.0 |      27 |       0 |   0.0
        D:4 |     277 |       0 |   0.0 |      23 |       0 |   0.0
            +---------+---------+-------+---------+---------+-------
